[Event "Live Chess"]
[Site "Chess.com"]
[Date "2023.05.20"]
[Round "-"]
[White "AdamOwls"]
[Black "Olisingapore"]
[Result "0-1"]
[WhiteElo "1931"]
[BlackElo "1917"]
[TimeControl "300"]
[EndTime "11:35:37 PDT"]
[Termination "Olisingapore won by resignation"]

1. e4 c5 2. d4 cxd4 3. c3 dxc3 4.
Nxc3 Nc6 5. Nf3 e6 6. Bc4 Nf6 7. O-O d6 8. Qe2 Qc7 9. Rd1 a6 10. Bg5 Be7 11. Rac1 O-O 12. Bb3 b5 13. e5 dxe5 14.
Ne4 Nxe4 15. Bxe7 Qxe7 16. Qxe4 Bb7 17. Rxc6 Rac8 18. Rdc1 f5 19. Qxe5 Rxc6 20. Rxc6 Bxc6 21. Bxe6+ Kh8 22. Nd4 Rd8 23. h3 Rxd4 24. Qxd4 Qxe6 25.
Qd8+ Qe8 26. Qd6 Qe4 0-1

[Event "Live Chess"]
[Site "Chess.com"]
[Date "2023.05.20"]
[Round "-"]
[White "raminguy"]
[Black "PantherCal"]
[Result "1-0"]
[WhiteElo "1983"]
[BlackElo "1807"]
[TimeControl "300"]
[EndTime "11:35:45 PDT"]
[Termination "raminguy won by resignation"]

1. d4 d5 2. Nc3 c6 3. Bf4 Bf5 4. e3 Nf6 5. Nf3 e6 6. Ne5 Nbd7 7. g4 Bg6 8. h4 h6 9. Nxg6 fxg6 10. Qd3 Kf7 11. h5 gxh5 12. gxh5 Bb4 13. Qg6+ Kf8 14. Bh3 Qe7 15. Rg1 Ne4 16. Ke2 Bxc3 17. bxc3 Ndf6 18. Bxe6 Nxc3+ 19. Kd3 Nce4 20. f3 Nd6 21. Bxd6 1-0

[Event "Live Chess"]
[Site "Chess.com"]
[Date "2023.05.20"]
[Round "-"]
[White "MaximKhimchenko"]
[Black "ViktorTheCoolBoy"]
[Result "0-1"]
[WhiteElo "1347"]
[BlackElo "2543"]
[TimeControl "300"]
[EndTime "11:36:04 PDT"]
[Termination "ViktorTheCoolBoy won by resignation"]

1. e4 c5 2. Nf3 d6 3. d4 cxd4 4.
Nxd4 Nf6 5. Nc3 a6 6. Bg5 e6 7. Bd3 Nbd7 8. O-O Be7 9. Bxf6 Nxf6 10. Nf3 O-O 11. Re1 Qc7 12. e5 dxe5 13. Nxe5 Bd6 14. Nf3 b5 15. Qe2 Bb7 16. Be4 Nxe4 17. Nxe4 Be7 18.
Nfg5 h6 19. Qh5 0-1

[Event "Live Chess"]
[Site "Chess.com"]
[Date "2023.05.20"]
[Round "-"]
[White "lightningorderyt"]
[Black "Chesscoach_Golichenko"]
[Result "0-1"]
[WhiteElo "558"]
[BlackElo "2654"]
[TimeControl "300"]
[EndTime "11:36:05 PDT"]
[Termination "Chesscoach_Golichenko won by resignation"]

1. d4 d5 2. c4 e6 3. Nc3 Nf6 4. Bg5 Nbd7 5. e3 Bb4 6. Ne2 h6 7. Bh4 c5 8. a3 Bxc3+ 9. Nxc3 cxd4 10. exd4 dxc4 11. Bxc4 O-O 12. O-O a6 13. Bb3 b5 14.
a4 b4 15. Ne2 Bb7 16. Nf4 g5 17. Nxe6 fxe6 18. Bg3 Kg7 19. Bxe6 Bd5 20. Bxd5 Nxd5 21. Qf3 Rxf3 0-1

[Event "Live Chess"]
[Site "Chess.com"]
[Date "2023.05.20"]
[Round "-"]
[White "alexlines8"]
[Black "Bot_Boy"]
[Result "1-0"]
[WhiteElo "1255"]
[BlackElo "332"]
[TimeControl "300"]
[EndTime "11:36:06 PDT"]
[Termination "alexlines8 won on time"]

1. e4 c6 2. d4 d5 3. f3 dxe4 4. fxe4 e6 5. Nc3 Nd7 6. Bc4 Qf6 7. Nf3 b5 8. Bb3 h6 9. O-O Bb7 10. Ne5 Qh4 11. Nxd7 Kxd7 12. Rxf7+ Be7 13. Rxg7 Rf8 14.
Be3 Nf6 15. d5 cxd5 16. exd5 e5 17. Nxb5 Ne4 18. Qe2 Rf2 19. Bxf2 Qxf2+ 20. Qxf2 Nxf2 21. Kxf2 Rf8+ 22. Kg1 1-0

[Event "Live Chess"]
[Site "Chess.com"]
[Date "2023.05.20"]
[Round "-"]
[White "Andysav3"]
[Black "Hacker_2009"]
[Result "0-1"]
[WhiteElo "1695"]
[BlackElo "1931"]
[TimeControl "300"]
[EndTime "11:36:17 PDT"]
[Termination "Hacker_2009 won on time"]

1. e4 c5 2. c3 d6 3. d4 cxd4 4. cxd4 Nf6 5. Nc3 e6 6. Bg5 Be7 7. e5 dxe5 8. dxe5 Nd5 9. Bxe7 Qxe7 10. Nxd5 exd5 11. Qxd5 Nc6 12. Nf3 Be6 13. Qd6 Qxd6 14. exd6 Rd8 15. Rd1 Nb4 16. Bb5+ Bd7 17. Bxd7+ Kxd7 18. O-O Nxa2 19. Ne5+ Ke6 20. Rfe1 Kf6 21. Ng4+ Kf5 22.
Ne3+ Kg6 23. Ra1 Nb4 24. Rxa7 Rxd6 25. Rxb7 Nd5 26. Nxd5 Rxd5 27. b4 Rhd8 28. g3 Rd1 29. Rxd1 Rxd1+ 30. Kg2 Rb1 31. b5 f6 32. Rb8 h6 33. b6 h5 34. h4 Rb2 35. Kf3 Rb3+ 36. Ke4 Rb5 37. b7 Kh7 38. Kf3 Rb4 39. Ke3 g5 40. hxg5 fxg5 41. f4 gxf4+ 42. gxf4 h4 43. Kf3 Rb3+ 44. Kg2 Rg3+ 45. Kh2 Rb3 46. f5 Kg7 47.
Rc8 Rxb7 48. Rc4 Kf6 49. Rxh4 Kxf5 50. Rh5+ Kg4 51. Rh6 Rb2+ 52. Kg1 Kg3 53. Rg6+ Kf4 54. Rf6+ Kg5 55. Rf8 Rb1+ 56. Kg2 Rb4 57. Rg8+ Kf6 58. Rf8+ Ke7 59. Rf2 Rc4 60. Re2+ Kd6 61. Rf2 Re4 0-1

[Event "Live Chess"]
[Site "Chess.com"]
[Date "2023.05.20"]
[Round "-"]
[White "Horseymobile"]
[Black "Man-Del-Brot"]
[Result "0-1"]
[WhiteElo "1214"]
[BlackElo "1176"]
[TimeControl "300"]
[EndTime "11:36:19 PDT"]
[Termination "Man-Del-Brot won by resignation"]

1. d4 Nf6 2. c4 e5 3. dxe5 Ng4 4. Nf3 d6 5. e3 Nc6 6. Be2 Ngxe5 7. O-O Nxf3+ 8.
Bxf3 Ne5 9. Be2 Be6 10. b3 Be7 11. Bb2 Bf6 12. Nc3 O-O 13. Ne4 Re8 14. Qc2 Bf5 15.
Rad1 Qe7 16. Bd3 Nxd3 17. Nxf6+ gxf6 18. Rxd3 Bxd3 19. Qxd3 Qe4 20. Qxe4 Rxe4 21. Bxf6 a5 22. Rd1 a4 23. Rd5 axb3 24. Rg5+ Kf8 25. Bg7+ Ke7 26. axb3 f6 0-1

[Event "Live Chess"]
[Site "Chess.com"]
[Date "2023.05.20"]
[Round "-"]
[White "olahgito"]
[Black "DRS44"]
[Result "0-1"]
[WhiteElo "730"]
[BlackElo "1438"]
[TimeControl "300"]
[EndTime "11:36:21 PDT"]
[Termination "DRS44 won by checkmate"]

1. e4 e5 2. Nf3 d6 3. d4 f5 4.
exf5 e4 5. Nfd2 Bxf5 6. Nc3 Nc6 7. Ndxe4 Bxe4 8. Nxe4 Qe7 9. Qe2 O-O-O 10. c3 Nf6 11. Nxf6 Qxf6 12. Be3 Re8 13. O-O-O d5 14. Re1 Bd6 15.
Qd2 Qe7 16. Bb5 a6 17. Bxc6 bxc6 18. Bg5 Qf8 19. Rxe8+ Qxe8 20. Re1 Qg6 21. g3 Re8 22. Rxe8+ Qxe8 23. Qe3 Qg6 24. Bf4 Bxf4 25. Qxf4 Qd3 26.
Qe3 Qf1+ 27. Kd2 Qb1 28. Qe8+ Kb7 29. Qh8 Qxb2+ 30. Ke3 Qxc3+ 31. Kf4 Qxd4+ 32. Kf3 Qe4# 0-1

[Event "Live Chess"]
[Site "Chess.com"]
[Date "2023.05.20"]
[Round "-"]
[White "WilliamofOrange16th"]
[Black "Pandreq"]
[Result "1-0"]
[WhiteElo "1880"]
[BlackElo "1277"]
[TimeControl "300"]
[EndTime "11:36:26 PDT"]
[Termination "WilliamofOrange16th won by resignation"]

1. e4 Nf6 2. Nc3 Nc6 3. Nf3 d6 4. h3 e5 5. d4 exd4 6. Nxd4 Nxd4 7. Qxd4 c5 8. Bb5+ Bd7 9. Qd3 Bxb5 10. Qxb5+ Qd7 11.
O-O a6 12. Qxd7+ Nxd7 13. Nd5 Rc8 14. Bf4 g6 15. c3 Rc6 16. Rad1 Bg7 17. Rd2 Ne5 18.
Bxe5 Bxe5 19. f4 Bg7 20. g4 O-O 21. Ne7+ Kh8 22. Nxc6 bxc6 23. Rxd6 Re8 24. Re1 Re6 25. Rd8+ 1-0

[Event "Live Chess"]
[Site "Chess.com"]
[Date "2023.05.20"]
[Round "-"]
[White "ramses-IIG"]
[Black "boilerboy1"]
[Result "1/2-1/2"]
[WhiteElo "806"]
[BlackElo "1076"]
[TimeControl "300"]
[EndTime "11:36:34 PDT"]
[Termination "Game drawn by stalemate"]

1. e4 e5 2. Nf3 d6 3. Bc4 Be7 4. O-O Nf6 5. d3 O-O 6. Bg5 c6 7. Nfd2 Bg4 8. f3 Bh5 9. Qe1 Nbd7 10. Qg3 Qb6+ 11. Kh1 Qxb2 12. Bh6 Bg6 13. Na3 Qxa3 14. Bg5 Qc3 15. Nb3 b5 16. Bxb5 cxb5 17. Na5 Qxa5 18. Bxf6 Nxf6 19. Rfb1 a6 20. c4 bxc4 21. dxc4 Rab8 22. Rxb8 Rxb8 23. Qf2 Qc3 24. Qf1 Rb2 25. Rc1 Qd2 26. c5 dxc5 27. Rd1 Qf2 28. Qxf2 Rxf2 29. Kg1 Rxa2 30. Rb1 h6 31. Rb8+ Kh7 32. Rb7 Bd6 33. Rb6 Rd2 34. Rxa6 c4 35. Rc6 Nh5 36. Rxc4 Nf4 37. g3 Ne2+ 38. Kf1 Nd4 39. Ke1 Rxh2 40. f4 Nf3+ 41. Kd1 exf4 42. gxf4 Bxf4 43. Rc3 Rd2+ 44.
Kc1 Rf2+ 45. Kb1 Nd2+ 46. Ka1 Nxe4 47. Rc4 Be5+ 48. Kb1 Nd2+ 49. Kc1 Nxc4 50. Kd1 Nb2+ 51. Ke1 Bd4 1/2-1/2

[Event "Live Chess"]
[Site "Chess.com"]
[Date "2023.05.20"]
[Round "-"]
[White "bristolunichess"]
[Black "CeladonFish"]
[Result "0-1"]
[WhiteElo "1811"]
[BlackElo "1087"]
[TimeControl "300"]
[EndTime "11:36:38 PDT"]
[Termination "CeladonFish won on time"]

1. e4 d6 2. d4 Nf6 3. Nc3 g6 4.
h4 Bg7 5. Be2 Nc6 6. h5 Nd7 7.
Nf3 O-O 8. hxg6 fxg6 9. Ng5 Nf6 10. f4 d5 11. e5 Ne4 12. Ncxe4 dxe4 13. Bc4+ e6 14. Nxe6 Bxe6 15. Bxe6+ Kh8 16. d5 Ne7 17.
Kf2 Nf5 18. g4 e3+ 19. Bxe3 Nxe3 20. Rxh7+ Kxh7 21. Qh1+ Bh6 22. g5 Ng4+ 23. Bxg4 Kg7 24. Ke3 Kf7 25. Qxh6 Rh8 26. e6+ Ke7 27. Qxg6 Kd6 28.
Qf7 Kc5 29. Qf5 Kb6 30. Qd3 c5 31. Qb3+ Kc7 32. Qc4 Kd6 0-1

[Event "Live Chess"]
[Site "Chess.com"]
[Date "2023.05.20"]
[Round "-"]
[White "ranvir123"]
[Black "jagbama"]
[Result "0-1"]
[WhiteElo "901"]
[BlackElo "1117"]
[TimeControl "300"]
[EndTime "11:36:43 PDT"]
[Termination "jagbama won by checkmate"]

1. e4 e5 2. Nf3 Nc6 3. Bc4 Bc5 4. c3 Nf6 5. d4 h6 6. dxc5 d6 7. cxd6 cxd6 8. O-O Bg4 9. h3 Bxh3 10. gxh3 Nxe4 11. Nbd2 Ng5 12. Nxg5 Qxg5+ 13. Kh2 Qf4+ 14. Kh1 g5 15. Nb3 Qxc4 16. Qxd6 Qxf1+ 17. Kh2 Qxf2+ 18. Kh1 Rd8 19.
Qxd8+ Nxd8 20. Nc5 Ne6 21. Nxb7 Nf4 22. Nd6+ Kd7 23. Nxf7 Qg2# 0-1

[Event "Live Chess"]
[Site "Chess.com"]
[Date "2023.05.20"]
[Round "-"]
[White "KGreenGator"]
[Black "DerbyKnight"]
[Result "1-0"]
[WhiteElo "1767"]
[BlackElo "1635"]
[TimeControl "300"]
[EndTime "11:36:45 PDT"]
[Termination "KGreenGator won on time"]

1. c4 e6 2. Nc3 d5 3. e3 Nf6 4. d4 a6 5. Nf3 dxc4 6. Bxc4 b5 7. Bd3 c5 8. Ne4 c4 9. Bc2 Bb7 10. Nxf6+ Qxf6 11. e4 Bb4+ 12. Bd2 Bxd2+ 13. Qxd2 Nc6 14. O-O O-O 15. e5 Qh6 16. Qxh6 gxh6 17. Be4 Rab8 18.
Rad1 Nb4 19. Bxb7 Rxb7 20. a3 Nd3 21. Rd2 a5 22. h3 b4 23. axb4 axb4 24. Nh2 Nf4 25. Ng4 Kg7 26. Rc1 Rc8 27. Ne3 c3 28. bxc3 bxc3 29. Rdc2 Rbc7 30. Kf1 Nd3 31. Rd1 Nb4 32. Re2 c2 33. Rc1 Rc3 34. Rd2 Kf8 35. Ke2 Ke7 36. f4 Kd7 37. f5 Nd5 38. Nxd5 exd5 39. Rd3 R3c4 40. Kd2 R8c6 41. Ke3 Rb6 42. g4 Rb1 43. Kd2 Rb2 44. h4 Rbb4 45. Rxc2 Rxd4 46.
Rxd4 Rxd4+ 47. Ke3 Rxg4 48. Rd2 Kc6 49. h5 Rg5 50.
Kf4 Rxh5 51. e6 fxe6 52. fxe6 Kd6 53. Kg4 Re5 54. Rh2 Rxe6 55. Rd2 Re4+ 56. Kh5 Re6 57.
Ra2 Rg6 58. Ra6+ Ke5 59. Ra5 Rg5+ 60. Kxh6 Rg6+ 61. Kxh7 Rd6 62. Kg7 Ke4 63. Kf7 d4 64.
Ke7 d3 65. Kxd6 1-0

[Event "Live Chess"]
[Site "Chess.com"]
[Date "2023.05.20"]
[Round "-"]
[White "CheckThis4"]
[Black "Enhard"]
[Result "1-0"]
[WhiteElo "2552"]
[BlackElo "1441"]
[TimeControl "300"]
[EndTime "11:36:46 PDT"]
[Termination "CheckThis4 won by resignation"]

1. d4 c6 2. Bg5 h6 3. Bh4 d5 4.
e3 Bf5 5. Nf3 Nd7 6. c4 Ngf6 7.
Nc3 e6 8. cxd5 exd5 9. Ne5 Be7 10. Qf3 Be6 11. Bg3 O-O 12. Bd3 Nxe5 13. Bxe5 Rc8 14. h3 c5 15. O-O cxd4 16. exd4 a6 17. Rfe1 Bb4 18. Re3 Bxc3 19. bxc3 Ne4 20. Bxe4 dxe4 21. Qxe4 Bd5 22. Qg4 f6 23. Bf4 Kh7 24. Rae1 Qd7 25.
Qxd7 1-0

[Event "Live Chess"]
[Site "Chess.com"]
[Date "2023.05.20"]
[Round "-"]
[White "LL220284LL"]
[Black "mightysmasher"]
[Result "1-0"]
[WhiteElo "2396"]
[BlackElo "2138"]
[TimeControl "300"]
[EndTime "11:36:53 PDT"]
[Termination "LL220284LL won by resignation"]

1. d4 d5 2. Nf3 c5 3. dxc5 e6 4. a3 Bxc5 5. b4 Be7 6. Bb2 Bf6 7. Qc1 Nc6 8. e3 Nh6 9. Bd3 O-O 10. O-O e5 11.
Be2 e4 12. Nfd2 Ng4 13. h3 Nge5 14. c4 d4 15. exd4 Nxd4 16. Bxd4 Qxd4 17. Nb3 Qd8 18. Rd1 Qc7 19. Nc3 Nxc4 20. Nd5 Qe5 21. Nxf6+ Qxf6 22. Qxc4 Be6 23. Qc2 Rac8 24. Qb1 Rfd8 25. Nc5 Bd5 26. Nxe4 Qg6 27. Bf3 f5 28. Rxd5 Rxd5 29. Nf6+ Qxf6 30.
Bxd5+ Kh8 31. Qf1 g6 32. Bxb7 Rd8 33. Rd1 Re8 34. Qc4 h6 35. Qd4 Re1+ 36. Kh2 Re5 37. Qd8+ 1-0

[Event "Live Chess"]
[Site "Chess.com"]
[Date "2023.05.20"]
[Round "-"]
[White "mattlirious"]
[Black "f4nomore"]
[Result "0-1"]
[WhiteElo "1317"]
[BlackElo "1367"]
[TimeControl "300"]
[EndTime "11:36:59 PDT"]
[Termination "f4nomore won by resignation"]

1. e4 g6 2. d4 Bg7 3. Nf3 d6 4. Bc4 e6 5. c3 Bd7 6. Nbd2 Ne7 7. b3 O-O 8. Bb2 c6 9. Bd3 d5 10. e5 b6 11. Qc2 c5 12. O-O-O Nbc6 13. h4 cxd4 14. cxd4 Nxd4 15. Nxd4 Rc8 16. Bc3 Bxe5 17. N2f3 Bxd4 18. Nxd4 e5 19. h5 exd4 20. hxg6 Rxc3 21. gxh7+ Kh8 22. Qxc3 dxc3 23. Rh6 0-1

[Event "Live Chess"]
[Site "Chess.com"]
[Date "2023.05.20"]
[Round "-"]
[White "TheSmoulderingMaster"]
[Black "Ayursworld"]
[Result "1-0"]
[WhiteElo "1764"]
[BlackElo "1345"]
[TimeControl "300"]
[EndTime "11:36:59 PDT"]
[Termination "TheSmoulderingMaster won by checkmate"]

1. e4 c5 2. Nf3 Nc6 3. d4 cxd4 4. Nxd4 Nxd4 5. Qxd4 e6 6. Nc3 Nf6 7. Bg5 h6 8. Bh4 g5 9. Bg3 d6 10. O-O-O e5 11.
Bxe5 Bg7 12. Bxd6 Be6 13. Bb5+ Bd7 14. e5 Bxb5 15. Nxb5 Nd7 16. Nc7+ Qxc7 17. Bxc7 Nb6 18. Bxb6 axb6 19. Qd7+ Kf8 20. e6 fxe6 21. Qxe6 Re8 22. Qf5+ Kg8 23. Rhe1 Rxe1 24. Rxe1 Bf8 25. Qg6+ Bg7 26.
Re8# 1-0

[Event "Live Chess"]
[Site "Chess.com"]
[Date "2023.05.20"]
[Round "-"]
[White "AbilifyXL"]
[Black "MaximKris"]
[Result "0-1"]
[WhiteElo "1948"]
[BlackElo "1893"]
[TimeControl "300"]
[EndTime "11:37:02 PDT"]
[Termination "MaximKris won by resignation"]

1. d4 d5 2. c4 e6 3. Nc3 Nf6 4. cxd5 exd5 5. Nf3 Bf5 6. Bg5 Be7 7. e3 h6 8. Bh4 Nc6 9. Bd3 Qd7 10. O-O O-O-O 11. Rc1 g5 12. Bg3 h5 13. Ne5 Nxe5 14. Bxe5 h4 15. Bxf5 Qxf5 16. Nb5 c6 17. Qa4 Kd7 18. Qxa7 cxb5 19. Rc7+ Ke8 20. Qxb7 Qe6 21. Qxb5+ Kf8 22. Rfc1 Bd6 23. R7c6 Kg7 24. Qb6 Rb8 25. Qa6 Ra8 26.
Qd3 Rhd8 27. a3 Rac8 28. h3 Rxc6 29. Rxc6 Kh6 30. Qa6 Ne4 31. f3 f6 32. fxe4 fxe5 33.
Qb6 exd4 34. exd4 dxe4 35. b4 e3 36. d5 e2 0-1

[Event "Live Chess"]
[Site "Chess.com"]
[Date "2023.05.20"]
[Round "-"]
[White "MrDodgy"]
[Black "GMHarry-youtube"]
[Result "0-1"]
[WhiteElo "2304"]
[BlackElo "2124"]
[TimeControl "300"]
[EndTime "11:37:05 PDT"]
[Termination "GMHarry-youtube won by checkmate"]

1. d4 Nf6 2. c4 g6 3. h4 Bg7 4. Nc3 Nc6 5. d5 Ne5 6. e4 d6 7. Be2 c6 8. Nf3 Nxf3+ 9. Bxf3 Bd7 10. h5 Nxh5 11. Bxh5 gxh5 12. Qxh5 Qb6 13. Qg5 Bf6 14. Qe3 Qxe3+ 15. Bxe3 c5 16. Ke2 b5 17. cxb5 Bxc3 18. bxc3 Bxb5+ 19. Kf3 a6 20. Rh6 Kd7 21. Rah1 Bc4 22.
a3 f5 23. Rxh7 fxe4+ 24. Kxe4 Rhg8 25. g3 Bb3 26. Rf7 Rg4+ 27. Kf5 Rag8 28. Rc1 Bxd5 29.
f3 Be6# 0-1

[Event "Live Chess"]
[Site "Chess.com"]
[Date "2023.05.20"]
[Round "-"]
[White "Conradical12"]
[Black "GEMdzq"]
[Result "0-1"]
[WhiteElo "1537"]
[BlackElo "2204"]
[TimeControl "300"]
[EndTime "11:37:07 PDT"]
[Termination "GEMdzq won by resignation"]

1. e4 d6 2. d4 Nf6 3. Nc3 g6 4. Nf3 Bg7 5. Be3 c5 6. Qd2 cxd4 7. Bxd4 Nc6 8. Be3 Ng4 9. O-O-O Nxe3 10. Qxe3 O-O 11.
Nd5 Be6 12. h4 h5 13. Ng5 Qa5 14. Nxe6 fxe6 15. Nc3 Rac8 16. Bc4 Kh7 17. Bxe6 Bh6 18. Qxh6+ Kxh6 19. Bxc8 Rxc8 20. Nd5 Qxa2 21. Nc3 0-1

[Event "Live Chess"]
[Site "Chess.com"]
[Date "2023.05.20"]
[Round "-"]
[White "Duke_of_Bebington"]
[Black "CocheseUK"]
[Result "1-0"]
[WhiteElo "1574"]
[BlackElo "1072"]
[TimeControl "300"]
[EndTime "11:37:10 PDT"]
[Termination "Duke_of_Bebington won by resignation"]

1. e4 e5 2. Nf3 Nc6 3. Bc4 Bc5 4. b4 Bxb4 5. c3 Be7 6. d4 d6 7. O-O Bg4 8. Be3 Na5 9. Bb5+ c6 10. Ba4 b5 11.
Bc2 Nc4 12. Nbd2 Nf6 13. Nxc4 bxc4 14. h3 Bd7 15. dxe5 dxe5 16. Nxe5 O-O 17. Qf3 Qe8 18. Rfd1 Be6 19. Ba4 Rc8 20. Bxa7 Rc7 21. Bb6 Rc8 22.
Nxc6 Rxc6 23. e5 Nd5 24. Rxd5 Bxd5 25. Qxd5 Qc8 26. Bxc6 1-0

[Event "Live Chess"]
[Site "Chess.com"]
[Date "2023.05.20"]
[Round "-"]
[White "mliszewski"]
[Black "Supertromp"]
[Result "0-1"]
[WhiteElo "1896"]
[BlackElo "2181"]
[TimeControl "300"]
[EndTime "11:37:16 PDT"]
[Termination "Supertromp won by checkmate"]

1. d4 Nf6 2. Bg5 d5 3. Bxf6 exf6 4. e3 c6 5. c4 dxc4 6. Bxc4 Bd6 7. Nc3 O-O 8. Nf3 Nd7 9. O-O f5 10. Rc1 Nf6 11. a3 a5 12. Re1 Qe7 13. Bd3 Ne4 14. Na4 b5 15. Nb6 Rb8 16. Rxc6 Bb7 17. Rc1 Ng5 18. Nxg5 Qxg5 19. f3 Qh4 20. h3 Qg3 21.
Nd7 Qh2+ 22. Kf1 Bg3 23. Nxf8 Qh1+ 24. Ke2 Qxg2# 0-1

[Event "Live Chess"]
[Site "Chess.com"]
[Date "2023.05.20"]
[Round "-"]
[White "wadsy27"]
[Black "Bob2pen"]
[Result "1-0"]
[WhiteElo "2589"]
[BlackElo "1768"]
[TimeControl "300"]
[EndTime "11:37:19 PDT"]
[Termination "wadsy27 won by resignation"]

1. c4 e5 2. g3 Nf6 3. Bg2 d5 4. cxd5 Nxd5 5. Nc3 Nb6 6. Nf3 Nc6 7. O-O Be7 8. a3 O-O 9. b4 Be6 10. Rb1 Qd7 11. b5 Nd4 12. Nxe5 Qd6 13. Nf3 Nxf3+ 14. Bxf3 Nc4 15. Ne4 Qb6 16. a4 Rad8 17. d3 Ne5 18. Bg2 c6 19. Be3 Qc7 20. b6 axb6 21. Bxb6 Qd7 22.
Bxd8 Rxd8 23. Qc2 Bh3 24. Nc5 Qf5 25. Nxb7 Bxg2 26. Kxg2 Ng6 27. Nxd8 Bxd8 28. Rb8 1-0

[Event "Live Chess"]
[Site "Chess.com"]
[Date "2023.05.20"]
[Round "-"]
[White "BostonStrangler"]
[Black "Ocelot32"]
[Result "1-0"]
[WhiteElo "2049"]
[BlackElo "1427"]
[TimeControl "300"]
[EndTime "11:37:23 PDT"]
[Termination "BostonStrangler won by resignation"]

1. Nf3 d5 2. g3 Nf6 3. Bg2 e6 4. O-O c5 5. c4 d4 6. b4 b6 7. Ne5 Nbd7 8. f4 Rb8 9. Nc6 Qc7 10. Nxb8 Qxb8 11. bxc5 bxc5 12. Na3 Bd6 13. Rb1 Qc7 14. Nb5 Qb8 15. d3 a6 16. Nxd6+ Qxd6 17. Qa4 O-O 18. Qc6 Qe7 19. Ba3 Ng4 20. Rfc1 Ndf6 21. Bxc5 Qd8 22. Bxf8 1-0

[Event "Live Chess"]
[Site "Chess.com"]
[Date "2023.05.20"]
[Round "-"]
[White "JamesWallman"]
[Black "Tema1107"]
[Result "0-1"]
[WhiteElo "758"]
[BlackElo "1968"]
[TimeControl "300"]
[EndTime "11:37:27 PDT"]
[Termination "Tema1107 won on time"]

1. e4 c5 2. Nf3 Nc6 3. Nc3 g6 4. Bb5 Bg7 5. d3 Nf6 6. Bf4 O-O 7. O-O a6 8. Ba4 b5 9. Bb3 d6 10. Bd5 Nxd5 11. exd5 Nd4 12. Nxd4 cxd4 13. Ne4 Bb7 14. Ng5 Bxd5 15. Qg4 e5 16. Bg3 f5 17. Qh4 h6 18.
Nf3 Bxf3 19. gxf3 f4 20. Qxd8 Raxd8 21. Bh4 g5 22. Kh1 gxh4 23. Rg1 Kh7 24. Rg2 Bf6 25.
Rag1 Bg5 26. h3 Rc8 27. Rc1 Rc6 28. c3 dxc3 29. bxc3 Rfc8 0-1

[Event "Live Chess"]
[Site "Chess.com"]
[Date "2023.05.20"]
[Round "-"]
[White "JohanKjeldahl"]
[Black "thrithik"]
[Result "1-0"]
[WhiteElo "1787"]
[BlackElo "465"]
[TimeControl "300"]
[EndTime "11:37:34 PDT"]
[Termination "JohanKjeldahl won by checkmate"]

1. e4 Nc6 2. d4 Nf6 3. e5 Ne4 4.
c4 Nc3 5. Nxc3 Nxd4 6. Qxd4 d6 7. Bf4 c5 8. Qd2 dxe5 9. Bxe5 Qxd2+ 10. Kxd2 f6 11.
Bg3 g6 12. Re1 Bh6+ 13. Kc2 Bf5+ 14. Bd3 Bxd3+ 15. Kxd3 Rd8+ 16. Nd5 e6 17. Rxe6+ Kf7 18. Rxf6+ Kg7 19. Be5 Rdg8 20. Rf3# 1-0

[Event "Live Chess"]
[Site "Chess.com"]
[Date "2023.05.20"]
[Round "-"]
[White "Trendle"]
[Black "siddu198"]
[Result "1-0"]
[WhiteElo "2665"]
[BlackElo "1626"]
[TimeControl "300"]
[EndTime "11:37:38 PDT"]
[Termination "Trendle won by resignation"]

1. e4 e5 2. Nf3 Nc6 3. Bb5 Nf6 4. d3 Bc5 5. O-O d6 6. c3 a6 7. Ba4 Bg4 8. h3 Bh5 9. Re1 b5 10. Bb3 h6 11. Nbd2 a5 12. a4 b4 13.
Nf1 bxc3 14. bxc3 Rb8 15. Bc4 Ne7 16. Ng3 Bg6 17. Nh4 Bh7 18. Qf3 Ng6 19. Nhf5 O-O 20. Nxg7 Kxg7 21. Nf5+ Kh8 22. Bxh6 d5 23. exd5 Nf4 24.
Rxe5 Nxh3+ 25. Qxh3 Bxf5 26. Rxf5 Rg8 27. Rxf6 Rxg2+ 28. Kxg2 Qxf6 29. Bg5+ Kg8 30. Bxf6 1-0

[Event "Live Chess"]
[Site "Chess.com"]
[Date "2023.05.20"]
[Round "-"]
[White "Ferrarifan27"]
[Black "gmnorfolk"]
[Result "0-1"]
[WhiteElo "2097"]
[BlackElo "2105"]
[TimeControl "300"]
[EndTime "11:37:43 PDT"]
[Termination "gmnorfolk won by resignation"]

1. e4 e5 2. Nf3 Nc6 3. Bb5 a6 4.
Ba4 Nf6 5. O-O Be7 6. Re1 b5 7. Bb3 O-O 8. c3 d5 9. exd5 Nxd5 10. Nxe5 Nxe5 11. Rxe5 c6 12. d3 Bd6 13. Re1 Qh4 14. g3 Qh3 15. Re4 Nf6 16. Rh4 Qd7 17.
Bg5 Be7 18. Nd2 h6 19. Rd4 Qf5 20. Be3 c5 21. Rf4 Qxd3 22. Bc2 Qd7 23. Ne4 Nd5 24. Nxc5 Bxc5 25. Bxc5 Nxf4 26. Bxf8 Nh3+ 27. Kg2 Kxf8 28. Qf3 Bb7 29. Be4 Ng5 30. Bxb7 Nxf3 31. Bxa8 Ne5 32. Re1 Qc7 33. f4 Nd3 34. Re2 g5 35. fxg5 hxg5 36. Rd2 Nc5 37. Bf3 f5 38. Rd5 f4 39.
Rxg5 fxg3 40. hxg3 Qe7 41. Rf5+ Kg7 42. Rd5 Ne4 43. Bg4 Nf6 44. Rg5+ Kh6 0-1

[Event "Live Chess"]
[Site "Chess.com"]
[Date "2023.05.20"]
[Round "-"]
[White "KeithArkell"]
[Black "LiamBellwood"]
[Result "1-0"]
[WhiteElo "2616"]
[BlackElo "2088"]
[TimeControl "300"]
[EndTime "11:37:44 PDT"]
[Termination "KeithArkell won by resignation"]

1. d4 e6 2. Nf3 f5 3. c4 Be7 4. Nc3 Nf6 5. Bg5 O-O 6. e3 b6 7. Bd3 Bb7 8. O-O Ne4 9. Bxe7 Qxe7 10. Qc2 Nxc3 11. bxc3 Bxf3 12. gxf3 Qh4 13. Kh1 Rf6 14. Rg1 Rh6 15. Rg2 Qh3 16. Qe2 Nc6 17. Rag1 Kh8 18.
e4 f4 19. e5 Rf8 20. Be4 Ne7 21. Qd2 g5 22. Qd3 Nf5 23. Bxf5 exf5 24. e6 dxe6 25.
Qe2 g4 26. Qe5+ Rff6 27. Qxc7 Qxf3 28. Re1 Qh3 29. Qxf4 Rh4 30. Qg3 Qxg3 31. fxg3 Rhh6 32. Rge2 Kg7 33. d5 Kf7 34. Re5 exd5 35. cxd5 Rh3 36. Re7+ Kf8 37. R1e6 Rxe6 38. Rxe6 1-0

[Event "Live Chess"]
[Site "Chess.com"]
[Date "2023.05.20"]
[Round "-"]
[White "Salpingidis"]
[Black "ACx04"]
[Result "1-0"]
[WhiteElo "2309"]
[BlackElo "402"]
[TimeControl "300"]
[EndTime "11:37:57 PDT"]
[Termination "Salpingidis won by checkmate"]

1. d4 d5 2. c4 dxc4 3. Nc3 b5 4. Nxb5 c6 5. Nc3 Ba6 6. e4 e6 7.
Nf3 Bd6 8. Be2 f6 9. O-O f5 10. exf5 exf5 11. Re1 Qc7 12. Bxc4+ Ne7 13. Bb3 Nd7 14. d5 cxd5 15. Nxd5 Qb8 16. Bg5 Bxh2+ 17. Nxh2 h6 18. Rxe7+ Kd8 19. Nb6 Qxb6 20. Qxd7# 1-0

[Event "Live Chess"]
[Site "Chess.com"]
[Date "2023.05.20"]
[Round "-"]
[White "Reggie016"]
[Black "luckywookie"]
[Result "0-1"]
[WhiteElo "1073"]
[BlackElo "744"]
[TimeControl "300"]
[EndTime "11:38:03 PDT"]
[Termination "luckywookie won by resignation"]

1. e4 c6 2. d4 d5 3. Nc3 dxe4 4. Nxe4 Nf6 5. Nxf6+ exf6 6. c3 Bd6 7. Bd3 O-O 8. Qc2 g6 9. Ne2 Nd7 10. Be3 Re8 11. O-O-O Nf8 12. h4 Be6 13. h5 Qc7 14.
hxg6 fxg6 15. Bh6 a5 16. Bxf8 Bxf8 17. Bxg6 hxg6 18. Qxg6+ Qg7 19. Qh5 Qg5+ 20. Qxg5+ fxg5 21. Rh5 Be7 22. Rdh1 Bg4 23. Rh8+ Kf7 24. R8h7+ Kf8 25. Ng3 Rad8 26. Ne4 Bf5 27. Rh8+ Kf7 28. Nxg5+ Bxg5+ 0-1